 Dungeon Crawl Stone Soup version 0.17-a0-1617-gfba1302 (webtiles) character file.

200 karlkraus the Covered (level 5, 0/47 HPs)
             Began as a Minotaur Fighter on Aug 1, 2015.
             Killed from afar by an orc wizard (5 damage)
             ... with a magic dart
             ... on level 3 of the Dungeon.
             The game lasted 00:03:32 (2163 turns).

karlkraus the Covered (Minotaur Fighter)            Turns: 2163, Time: 00:03:32

Health: 0/47       AC: 12    Str: 22    XL:     5   Next: 49%
Magic:  4/4        EV:  5    Int:  5    God:
Gold:   120        SH:  0    Dex:  9    Spells: 0 memorised, 4 levels left

rFire  . . .     SeeInvis .     a - +0 flail
rCold  . . .     Clarity  .     r - +0 plate armour
rNeg   . . .     SustAt   .     c - +0 shield
rPois  .         Gourm    .     (helmet restricted)
rElec  .         Spirit   .     (no cloak)
rCorr  .         Warding  .     (no gloves)
rMut   .         Stasis   .     (no boots)
MR     .....                    (no amulet)
Stlth  ..........               (no ring)
                                (no ring)

@: confused, lethally poisoned (0 -> -1), not resistant to hostile enchantments,
extremely unstealthy
A: retaliatory headbutt, horns 2
a: no special abilities


You were on level 3 of the Dungeon.
You were very hungry.

You visited 1 branch of the dungeon, and saw 3 of its levels.

You collected 120 gold pieces.

Inventory:

Hand weapons
 a - a +0 flail (weapon)
Armour
 c - a +0 shield (worn)
 r - a +0 plate armour (worn)
Scrolls
 f - 6 scrolls of remove curse {unknown}
 i - a scroll of identify {unknown}
 m - a scroll of immolation {unknown}
 q - a scroll of blinking {unknown}
Potions
 b - a potion of beneficial mutation {unknown}
 g - 3 potions of agility {unknown}
 h - 2 potions of curing {unknown}
 j - a potion of haste {unknown}
 n - a potion of heal wounds {unknown}
 o - 2 potions of ambrosia {unknown}
Books
 s - a book of Necromancy

   Spells                             Type                      Level
   a - Pain                           Necromancy                   1
   b - Animate Skeleton               Necromancy                   1
   c - Vampiric Draining              Necromancy                   3
   d - Regeneration                   Charms/Necromancy            3
   e - Animate Dead                   Necromancy                   4
   f - Control Undead                 Necromancy                   4
Comestibles
 e - 4 bread rations
 k - a slice of pizza
 l - a beef jerky
 p - a meat ration


   Skills:
 + Level 4.4 Fighting
 + Level 3.6 Maces & Flails
 + Level 5.0 Armour
 + Level 1.6 Dodging
 + Level 0.1 Stealth
 + Level 4.8 Shields


You had 4 spell levels left.
You didn't know any spells.

Dungeon Overview and Level Annotations

Branches:
Dungeon (3/15)

Altars:
Gozag


Innate Abilities, Weirdness & Mutations

You reflexively headbutt those who attack you in melee.
You have a pair of horns on your head.


Message History

You are confused.
The adder bites you but does no damage.
You miss the orc wizard.
The orc wizard is moderately wounded.
You feel sick. The orc hits you but does no damage.
The adder bites you but does no damage.
The orc wizard gestures at you while chanting.
The magic dart hits you! The orc hits you with a club.
* * * LOW HITPOINT WARNING * * *
The adder bites you but does no damage.
You bump into the rock wall.
The orc wizard hits you but does no damage.
The orc hits you with a hand axe.
* * * LOW HITPOINT WARNING * * *
The adder bites you but does no damage. The orc hits you but does no damage.
You closely miss the orc wizard.
The orc wizard is moderately wounded.
The orc wizard gestures at you while chanting.
The magic dart hits you!
You die...

#......# #.###........#
#......# ..##........#
#......# #.##....$...##
#......# #.##.........
#...>..# #..#.......#
#......#####.#.......#
#............#.†.....#
########.#####.#oS.....#
.....†.#.# #.#@o.)...#
.....†.'.# ###.#.o.....#
.......### #...........#
.......## #.##........#
....#...####.##........#
....##.......##........#
....#....######.###'####
...##.##.# #..##'####
.####....# ##........


You could see an orc wizard, an adder and 2 orcs.

Vanquished Creatures
  The ghost of karlkraus the Skirmisher, a weakling MiFi (D:3)
  An orc priest (D:3)
  4 gnolls
  2 adders (D:3)
  A worm (D:3)
  3 giant geckos
  3 bats
  3 giant cockroaches (D:2)
  8 goblins
  10 hobgoblins
  A ball python (D:1)
  7 giant newts
  8 kobolds
  A quokka (D:2)
  6 rats
59 creatures vanquished.

Vanquished Creatures (others)
  An orc (D:3)
1 creature vanquished.

Grand Total: 60 creatures vanquished

Notes
Turn   | Place    | Note
--------------------------------------------------------------
     0 | D:1      | karlkraus the Minotaur Fighter began the quest for the Orb.
     0 | D:1      | Reached XP level 1. HP: 19/19 MP: 0/0
    82 | D:1      | Reached skill level 4 in Armour
    85 | D:1      | Reached XP level 2. HP: 14/27 MP: 1/1
   268 | D:1      | Reached XP level 3. HP: 29/33 MP: 2/2
   453 | D:1      | You fall through a shaft!
   760 | D:2      | Reached XP level 4. HP: 3/40 MP: 3/3
  1547 | D:2      | Found an opulent altar of Gozag.
  1645 | D:2      | You fall through a shaft!
  1807 | D:3      | Reached skill level 1 in Dodging
  1881 | D:3      | Noticed karlkraus's ghost (weakling MiFi)
  1890 | D:3      | Killed karlkraus's ghost
  1890 | D:3      | Reached XP level 5. HP: 9/47 MP: 4/4
  2150 | D:3      | Reached skill level 5 in Armour
  2163 | D:3      | Killed from afar by an orc wizard

Vault maps used:
D:1:      scummos_arrival_simple_fountains, minmay_newt_pond
D:2:      lemuel_coloured_pillars_altar
D:3:      lemuel_crystal_altar, first_bread

Action                   |  1- 3 |  4- 6 || total
-------------------------+-------+-------++-------
Melee: Flail             |    85 |    64 ||   149
  Use: Potion            |       |     1 ||     1
  Eat: Chunk             |       |     3 ||     3
